 Dungeon Crawl Stone Soup version 0.28.0-43-g3370ac3207 (webtiles) character file.

Game seed: 6873454198169744100

573 crimpus the Magician (level 7, -3/45 HPs)
             Began as a Djinni Fire Elementalist on Mar 12, 2022.
             Slain by a lemure (8 damage)
             ... led by Pikel
             ... on level 4 of the Dungeon.
             The game lasted 00:11:05 (7036 turns).

crimpus the Magician (Djinni Fire Elementalist)     Turns: 7036, Time: 00:11:05

Health: -3/45      AC:  2    Str:  6 (7)  XL:     7   Next: 61%
Gold:   109        EV: 13    Int: 15 (17) God:
                   SH:  0    Dex: 14 (15)

rFire   + + .      SeeInvis .   (no weapon)
rCold   . . .      Faith    .   (no shield)
rNeg    . . .      Spirit   .   a - +0 robe
rPois   ∞          Reflect  .   (no helmet)
rElec   .          Harm     .   (no cloak)
rCorr   .          Rampage  .   (no gloves)
Will    .....      Clarity  +   (boots unavailable)
Stlth   ++........              (no amulet)
HPRegen 0.15/turn               c - ring of protection from cold
MPRegen 0.00/turn               (no ring)

@: flying, hasted, unable to read, very quick
A: sickness immunity, fire resistance 2, cold vulnerability 1, float, innate
caster, HP casting, extra vitality 1, agile 1, clarity, weak 1, inability to
read while threatened
a: no special abilities


You were on level 4 of the Dungeon.
You visited 1 branch of the dungeon, and saw 4 of its levels.

You collected 109 gold pieces.

Inventory:

Hand Weapons
 e - a +0 whip of pain
 f - a +2 dagger of draining
 i - a +2 antimagic spear
Armour
 a - a +0 robe (worn)
Jewellery
 c - a ring of protection from cold (left hand)
 o - a ring of protection from cold
 q - a ring of see invisible
Wands
 b - a wand of charming (13)
 r - a wand of acid (13)
Scrolls
 d - a scroll of holy word
Potions
 g - a potion of brilliance
 n - a potion of haste


   Skills:
 + Level 2.9 Dodging
 - Level 1.5 Stealth
 + Level 6.2 Spellcasting


You couldn't memorise any spells.
You knew the following spells:

 Your Spells              Type           Power      Damage    Failure   Level
a - Foxfire               Conj/Fire      92%        2x1d8     1%          1
b - Scorch                Fire           46%        2d7       1%          2
c - Conjure Flame         Conj/Fire      23%        6-21      3%          3
d - Inner Flame           Hex/Fire       23%        N/A       3%          3
e - Flame Wave            Conj/Fire      23%        2d7       11%         4
f - Magic Dart            Conj           92%        1d7       1%          1
g - Call Imp              Summ           23%        N/A       1%          2
h - Poisonous Vapours     Pois/Air       46%        N/A       1%          2
Your spell library was empty.

Dungeon Overview and Level Annotations

Branches:
Dungeon (4/15)
 Temple: D:4-7

Altars:
Trog
Wu Jian

Annotations:
D:4 Pikel


Innate Abilities, Weirdness & Mutations

You are immune to sickness and miasma.
You are immune to poison.
Your flesh is very heat resistant. (rF++)
You are vulnerable to cold. (rC-)
You float through the air rather than walking.
You learn spells naturally, not from books.
Your magical power is your life essence.
You have superior vitality. (+4 MHP)
You are agile. (Dex +2)
You possess an exceptional clarity of mind.
You are weak. (Str -2)
You sometimes lose the ability to read scrolls when taking damage.


Message History

The foxfire hits Pikel but does no damage.
Pikel is heavily wounded.
The foxfire hits Pikel.
Pikel is heavily wounded.
Pikel hits your white imp with a +2 whip of freezing.
Your white imp dies!
Your white imp disappears in a puff of smoke!
Casting: Foxfire (safe; 1% risk of failure)
Confirm with . or Enter, or press ? or * to list all spells.
You conjure some foxfire!
The foxfire hits Pikel.
Pikel is severely wounded.
Unknown command.
Casting: Foxfire (safe; 1% risk of failure)
Confirm with . or Enter, or press ? or * to list all spells.
You don't know that spell.
Casting: Foxfire (safe; 1% risk of failure)
Confirm with . or Enter, or press ? or * to list all spells.
A beastly little devil appears in a puff of frigid air.
* * * LOW HITPOINT WARNING * * *
The foxfire hits Pikel.
Pikel is severely wounded.
The foxfire hits Pikel but does no damage.
Pikel is severely wounded.
The foxfire hits Pikel but does no damage.
Pikel is severely wounded.
Your white imp gestures at Pikel.
The puff of frost hits Pikel.
You feel yourself speed up. The lemure barely misses you.
Your white imp hits Pikel.
Your white imp freezes Pikel.
Pikel hits your white imp with a +2 whip of freezing!
The lemure barely misses you. The lemure hits you!
You feel threatened and lose the ability to read scrolls!
* * * LOW HITPOINT WARNING * * *
Your white imp closely misses Pikel.
Pikel hits your white imp with a +2 whip of freezing.
Your white imp dies!
Your white imp disappears in a puff of smoke!
The lemure hits you!
You die...

#.#********** #.[,,,,,,,,,*
#.#********,* #.######,**,* ****
#.##...,,,,,* ,,,*
####§##.############ ,,,*********
#..K................
,,,,,,,,,,,**#.555.#=############
,,,*******,,*#..@....###### #
,,,* **,*#####...'....##### #
**** ******,***###...####.....###
** *,,,,,,,,,...........5...>##
,** ******,,**##########......##
,,** **,* #<..K..## ,,,** *,**
#......## ,,,,* *,,* #....55..
*,,,** **,** ##....###


You could see Pikel (unaware) and 3 lemures.

Vanquished Creatures
  A necrophage (D:4)
  2 black bears (D:4)
  An orc priest (D:4)
  3 orc wizards
  Robin (D:2)
  2 adders (D:2)
  4 worms
  3 dart slugs
  11 orcs
  7 ball pythons (D:1)
  2 bats
  5 endoplasms
  4 giant cockroaches
  9 goblins
  11 hobgoblins
  5 jackals (D:2)
  3 quokkas
  4 frilled lizards
  5 kobolds
  3 rats
86 creatures vanquished.

Vanquished Creatures (collateral kills)
  A lemure (D:4)
  Blork the orc (D:4)
  2 orcs (D:3)
  2 goblins
6 creatures vanquished.

Vanquished Creatures (others)
  536 foxfires
536 creatures vanquished.

Grand Total: 628 creatures vanquished

Notes
Turn   | Place    | Note
-------+----------+-------------------------------------------
     0 | D:1      | crimpus the Djinni Fire Elementalist began the quest for
                  | the Orb.
     0 | D:1      | Reached XP level 1. HP: 15/15 MP: 0/0
   527 | D:1      | Reached XP level 2. HP: 17/21 MP: 0/0
   959 | D:1      | Reached skill level 3 in Spellcasting
  1210 | D:1      | Reached XP level 3. HP: 17/25 MP: 0/0
  1210 | D:1      | Learned a level 1 spell: Magic Dart
  2595 | D:2      | Reached XP level 4. HP: 20/31 MP: 0/0
  3769 | D:2      | Reached skill level 4 in Spellcasting
  4012 | D:2      | Noticed Robin
  4020 | D:2      | Killed Robin
  4021 | D:2      | Reached XP level 5. HP: 9/35 MP: 0/0
  4021 | D:2      | Learned a level 2 spell: Call Imp
  5192 | D:3      | Found an ornate altar of the Wu Jian Council.
  5748 | D:3      | Reached XP level 6. HP: 36/40 MP: 0/0
  6029 | D:3      | Found a faded altar of an unknown god.
  6436 | D:4      | Reached skill level 5 in Spellcasting
  6549 | D:4      | Found a bloodstained altar of Trog.
  6549 | D:4      | Noticed a black bear
  6549 | D:4      | Noticed a black bear
  6549 | D:4      | Noticed a necrophage
  6552 | D:4      | Noticed Blork the orc
  6555 | D:4      | Killed a black bear
  6557 | D:4      | Killed a black bear
  6558 | D:4      | Reached XP level 7. HP: 29/45 MP: 0/0
  6558 | D:4      | Learned a level 2 spell: Poisonous Vapours
  6560 | D:4      | Killed Blork the orc
  6567 | D:4      | Reached skill level 6 in Spellcasting
  6937 | D:4      | Gained mutation: You are weak. (Str -2) [potion of
                  | mutation]
  6937 | D:4      | Gained mutation: You possess an exceptional clarity of
                  | mind. [potion of mutation]
  6937 | D:4      | Gained mutation: You sometimes lose the ability to read
                  | scrolls when taking damage. [potion of mutation]
  6937 | D:4      | Gained mutation: You are agile. (Dex +2) [potion of
                  | mutation]
  6975 | D:4      | Noticed Pikel
  7036 | D:4      | Slain by a lemure

Illustrated notes

Levels and vault maps discovered:
D:1:      shiori_arrival_oz, layout_basic, serial_curves, eino_curves_03,
          eino_curves_02
D:2:      layout_loops_ring, nicolae_figureground_pulse, uniq_robin
D:3:      layout_loops_ring, mainiacjoe_overflow_surrounded_room,
          shapermc_ecumenical_altar_flowoftime, serial_park_tiny_2
D:4:      layout_basic, trog_ov_bears_minmay, lightli_corner_chamber,
          uniq_pikel, uniq_blork_the_orc

Skill      XL: |  1  2  3  4  5  6  7 |
---------------+----------------------+-----
Spellcasting   | 3 4 5 6 |  6.2
Dodging        | |  2.9
Stealth        | |  1.5

Action                   |  1- 3 |  4- 6 |  7- 9 || total
-------------------------+-------+-------+-------++-------
 Cast: Foxfire           |   130 |   176 |    19 ||   325
       Magic Dart        |       |    18 |       ||    18
       Call Imp          |       |    11 |     3 ||    14
       Scorch            |       |     1 |       ||     1
       Flame Wave        |       |     1 |       ||     1
  Use: Potion            |       |       |     7 ||     7
       Scroll            |       |       |     4 ||     4
Armor: Robe              |     2 |       |       ||     2
Dodge: Dodged            |     4 |     8 |     6 ||    18
